[Event "44th Chess Olympiad Women 2022"]
[Site "Chennai"]
[Date "2022.08.09"]
[Round "11.45"]
[White "Almanzar Vasquez, Jeniffer Maria"]
[Black "Chuemsakul, Sarocha"]
[Result "0-1"]
[ECO "C47"]
[WhiteElo "1762"]
[BlackElo "1684"]
[Annotator "NA RC COMBH"]
[PlyCount "84"]
[EventDate "2022.07.29"]
[EventType "team-tourn"]
[EventCountry "IND"]
[SourceTitle "playchess.com"]
[Source "ChessBase"]
[SourceQuality "1"]
[WhiteTeam "Dominican Republic"]
[BlackTeam "Thailand"]
[WhiteTeamCountry "DOM"]
[BlackTeamCountry "THA"]
[TimeControl "40/5400+30:1800+30"]

1. e4 e5 2. Nf3 Nc6 3. d4 exd4 4. Nxd4 Nf6 5. Nc3 Bb4 6. Nxc6 bxc6 7. Bd3 O-O 8. O-O d5 9. Bg5 h6 10. Bh4 Be7 11. exd5 cxd5 12. Bg3 c6 13. h3 Qb6 14. Na4 Qa5 15. c3 c5 16. Re1 Re8 17. a3 c4 18. Bc2 Be6 19. Qd4 Rac8 20. Be5 Red8 21. Re3 Bd7 22. Bc7 Rxc7 23. Rxe7 Bxa4 24. Rxc7 Bxc2 25. Rb7 Qa6 26. Rb4 Re8 27. f3 Re2 28. Rf1 Bd3 29. Qc5 Qe6 30. Rf2 Re1+ 31. Kh2 Nh5 32. Qd4 Qd6+ 33. f4 Re4 34. Qxa7 Kh7 35. Rb6 Qd8 36. Rxh6+ Kxh6 37. Qxf7 Qh4 38. Rf3 Rxf4 39. Qe6+ Rf6 40. Qxd5 Rxf3 41. Qxf3 Qf4+ 42. Qxf4+ Nxf4 0-1

[Event "44th Chess Olympiad Women 2022"]
[Site "Chennai"]
[Date "2022.08.09"]
[Round "11.45"]
[White "Prommuang, Araya"]
[Black "Diaz Cesar, Wilsaida Pieranlly"]
[Result "0-1"]
[ECO "B48"]
[WhiteElo "1651"]
[BlackElo "1834"]
[Annotator "NA RC COMBH"]
[PlyCount "80"]
[EventDate "2022.07.29"]
[EventType "team-tourn"]
[EventCountry "IND"]
[SourceTitle "playchess.com"]
[Source "ChessBase"]
[SourceQuality "1"]
[WhiteTeam "Thailand"]
[BlackTeam "Dominican Republic"]
[WhiteTeamCountry "THA"]
[BlackTeamCountry "DOM"]
[TimeControl "40/5400+30:1800+30"]

1. e4 c5 2. Nf3 e6 3. d4 cxd4 4. Nxd4 Nc6 5. Nc3 Qc7 6. a3 a6 7. Be3 Nf6 8. Be2 Be7 9. f4 d6 10. O-O Bd7 11. Qe1 Nxd4 12. Bxd4 e5 13. fxe5 dxe5 14. Qg3 Bc5 15. Bxc5 Qxc5+ 16. Kh1 Kf8 17. b4 Qe7 18. Nd5 Nxd5 19. exd5 h5 20. Bc4 Qd6 21. Rae1 Re8 22. h4 Rh6 23. Bd3 Kg8 24. c4 b5 25. Qf3 Qe7 26. g3 Bg4 27. Qg2 Qd7 28. Kh2 f5 29. Be2 Rg6 30. c5 Bxe2 31. Qxe2 Rg4 32. Kh3 f4 33. gxf4 Rxf4+ 34. Kg3 Rg4+ 35. Kh3 Re4+ 36. Kh2 Rxe2+ 37. Rxe2 Qxd5 38. Rfe1 e4 39. Re3 Qe5+ 40. Kg2 Re6 0-1

[Event "44th Chess Olympiad Women 2022"]
[Site "Chennai"]
[Date "2022.08.09"]
[Round "11.45"]
[White "Buhagiar, Melita Sunan"]
[Black "Gonzalez Peguero, Mary Loly"]
[Result "1-0"]
[ECO "B08"]
[WhiteElo "1431"]
[BlackElo "1666"]
[Annotator "NA RC COMBH"]
[PlyCount "85"]
[EventDate "2022.07.29"]
[EventType "team-tourn"]
[EventCountry "IND"]
[SourceTitle "playchess.com"]
[Source "ChessBase"]
[SourceQuality "1"]
[WhiteTeam "Thailand"]
[BlackTeam "Dominican Republic"]
[WhiteTeamCountry "THA"]
[BlackTeamCountry "DOM"]
[TimeControl "40/5400+30:1800+30"]

1. d4 Nf6 2. Nc3 g6 3. e4 d6 4. Nf3 Nbd7 5. h3 e5 6. dxe5 dxe5 7. Bg5 Bg7 8. Bc4 O-O 9. Qd2 c6 10. a4 a5 11. Rd1 Qe7 12. Qe3 Re8 13. O-O Qb4 14. b3 Qc5 15. Qxc5 Nxc5 16. Rfe1 Nh5 17. Be3 Ne6 18. g3 Nd4 19. Nxd4 exd4 20. Bxd4 Bxh3 21. Bxg7 Nxg7 22. f3 h5 23. Rd6 Be6 24. Bf1 Kf8 25. Red1 Ke7 26. Ne2 Rad8 27. Rxd8 Rxd8 28. Rxd8 Kxd8 29. Nf4 Bd7 30. Bc4 Ke7 31. Nd3 Ne6 32. Ne5 Be8 33. Bxe6 Kxe6 34. Nc4 b5 35. Nxa5 bxa4 36. bxa4 c5 37. Nb7 c4 38. Kf2 Kd7 39. e5 Ke6 40. f4 Kd5 41. a5 c3 42. Ke3 Bc6 43. a6 1-0

[Event "44th Chess Olympiad Women 2022"]
[Site "Chennai"]
[Date "2022.08.09"]
[Round "11.46"]
[White "Khalil, Manar"]
[Black "Stagno, Milena"]
[Result "1-0"]
[ECO "B38"]
[WhiteElo "1831"]
[BlackElo "1448"]
[Annotator "NA RC COMBH"]
[PlyCount "63"]
[EventDate "2022.07.29"]
[EventType "team-tourn"]
[EventCountry "IND"]
[SourceTitle "playchess.com"]
[Source "ChessBase"]
[SourceQuality "1"]
[WhiteTeam "Syria"]
[BlackTeam "Malta"]
[WhiteTeamCountry "SYR"]
[BlackTeamCountry "MLT"]
[TimeControl "40/5400+30:1800+30"]

1. e4 c5 2. Nf3 Nc6 3. d4 cxd4 4. Nxd4 g6 5. c4 Bg7 6. Be3 Nf6 7. Nc3 d6 8. Be2 O-O 9. O-O Bd7 10. f3 Nxd4 11. Bxd4 Bc6 12. Qd2 a6 13. Rad1 Rc8 14. Kh1 Qc7 15. Qe3 Nd7 16. Bxg7 Kxg7 17. b4 b6 18. f4 Nf6 19. Rf3 Bd7 20. Rg3 b5 21. e5 dxe5 22. fxe5 Ng8 23. Nd5 Qc6 24. Nb6 Rcd8 25. Bf3 Qc7 26. Rxd7 Rxd7 27. Nxd7 Qxd7 28. c5 Nh6 29. Qc3 f6 30. h3 Nf7 31. Bg4 f5 32. e6+ 1-0

[Event "44th Chess Olympiad Women 2022"]
[Site "Chennai"]
[Date "2022.08.09"]
[Round "11.46"]
[White "Ahmad Murad, Fatema Alzahraa."]
[Black "Farrugia, Jamie"]
[Result "1-0"]
[ECO "D60"]
[WhiteElo "1791"]
[BlackElo "1547"]
[Annotator "NA RC COMBH"]
[PlyCount "105"]
[EventDate "2022.07.29"]
[EventType "team-tourn"]
[EventCountry "IND"]
[SourceTitle "playchess.com"]
[Source "ChessBase"]
[SourceQuality "1"]
[WhiteTeam "Syria"]
[BlackTeam "Malta"]
[WhiteTeamCountry "SYR"]
[BlackTeamCountry "MLT"]
[TimeControl "40/5400+30:1800+30"]

1. d4 d5 2. c4 c6 3. Nc3 Nf6 4. Nf3 e6 5. Bg5 Be7 6. e3 O-O 7. Be2 Nbd7 8. O-O b6 9. Qc2 Bb7 10. Rfd1 Qc7 11. Rac1 c5 12. cxd5 exd5 13. Qf5 c4 14. b3 Rfc8 15. Nb5 Qd8 16. Ne5 a6 17. Nc3 b5 18. Nxd7 Nxd7 19. Bxe7 Qxe7 20. Nxd5 Qd6 21. Bf3 Ra7 22. Rc3 Nb6 23. Nxb6 Qxb6 24. Bxb7 Qxb7 25. Rdc1 g6 26. Qc2 Qd5 27. bxc4 bxc4 28. Rxc4 Rxc4 29. Qxc4 Qxc4 30. Rxc4 Kf8 31. g3 Ke7 32. Kg2 Kd6 33. Kf3 Rb7 34. Rc2 h5 35. e4 Rb4 36. Ke3 f6 37. d5 Rb6 38. Rc6+ Rxc6 39. dxc6 Kxc6 40. Kd4 Kd6 41. f4 g5 42. fxg5 fxg5 43. e5+ Ke6 44. Ke4 a5 45. a4 h4 46. g4 h3 47. Kd4 Ke7 48. Kd5 Kd7 49. e6+ Ke8 50. Ke5 Ke7 51. Kf5 Ke8 52. Kxg5 Ke7 53. Kf5 1-0

[Event "44th Chess Olympiad Women 2022"]
[Site "Chennai"]
[Date "2022.08.09"]
[Round "11.46"]
[White "Psaila, Uranchimeg"]
[Black "Mahmoud, Roula"]
[Result "0-1"]
[ECO "A48"]
[WhiteElo "1395"]
[BlackElo "1765"]
[Annotator "NA RC COMBH"]
[PlyCount "84"]
[EventDate "2022.07.29"]
[EventType "team-tourn"]
[EventCountry "IND"]
[SourceTitle "playchess.com"]
[Source "ChessBase"]
[SourceQuality "1"]
[WhiteTeam "Malta"]
[BlackTeam "Syria"]
[WhiteTeamCountry "MLT"]
[BlackTeamCountry "SYR"]
[TimeControl "40/5400+30:1800+30"]

1. d4 Nf6 2. Bf4 g6 3. Nf3 Bg7 4. c3 d6 5. h3 O-O 6. e3 Nbd7 7. Nbd2 c5 8. Be2 a6 9. a4 b6 10. O-O Bb7 11. Bh2 Qc7 12. Qb3 Bc6 13. Rfd1 Qb7 14. a5 b5 15. c4 bxc4 16. Qxb7 Bxb7 17. Nxc4 Rab8 18. Nxd6 Bxf3 19. Bxf3 exd6 20. Bxd6 cxd4 21. Bxb8 Rxb8 22. Rab1 dxe3 23. fxe3 Bf8 24. Kf1 Bb4 25. Ra1 Nc5 26. Bd5 Nxd5 27. Rxd5 Rb5 28. Ke2 Bxa5 29. Rb1 Bb4 30. Rd4 Ne6 31. Rc4 a5 32. Rc8+ Kg7 33. Ra8 Nc7 34. Ra7 Rc5 35. Kd3 Nb5 36. Ra8 Nd6 37. Ra6 Rd5+ 38. Ke2 Rd2+ 39. Kf3 Nc4 40. b3 Ne5+ 41. Ke4 Nd3 42. g4 Nc5+ 0-1

[Event "44th Chess Olympiad Women 2022"]
[Site "Chennai"]
[Date "2022.08.09"]
[Round "11.47"]
[White "Dubois, Martine"]
[Black "Blackman, Katrina"]
[Result "1-0"]
[ECO "C10"]
[WhiteElo "1782"]
[BlackElo "1691"]
[Annotator "NA RC COMBH"]
[PlyCount "63"]
[EventDate "2022.07.29"]
[EventType "team-tourn"]
[EventCountry "IND"]
[SourceTitle "playchess.com"]
[Source "ChessBase"]
[SourceQuality "1"]
[WhiteTeam "Monaco"]
[BlackTeam "Barbados"]
[WhiteTeamCountry "MNC"]
[BlackTeamCountry "BAR"]
[TimeControl "40/5400+30:1800+30"]

1. e4 e6 2. Nf3 d5 3. Nc3 dxe4 4. Nxe4 Nc6 5. d4 Be7 6. c3 Nf6 7. Bd3 h6 8. Qe2 Nd5 9. Ne5 Nxe5 10. dxe5 Bd7 11. a3 Bc6 12. c4 Nb6 13. b4 a6 14. Be3 Nd7 15. f4 Nf8 16. Rd1 Ng6 17. O-O O-O 18. Nc3 Qe8 19. Qg4 Bd7 20. Rf3 Nh8 21. Rg3 g6 22. h4 Kg7 23. Ne4 f5 24. exf6+ Bxf6 25. Nxf6 Rxf6 26. Be4 c6 27. Bc1 Rd8 28. Rgd3 Rf8 29. Bb2+ Kh7 30. h5 Rg8 31. Bf6 Qf7 32. Qh4 1-0

[Event "44th Chess Olympiad Women 2022"]
[Site "Chennai"]
[Date "2022.08.09"]
[Round "11.47"]
[White "Lebel-Arias, Julia"]
[Black "Moore, Gaybrianna"]
[Result "0-1"]
[ECO "D00"]
[WhiteElo "1660"]
[BlackElo "1335"]
[Annotator "NA RC COMBH"]
[PlyCount "116"]
[EventDate "2022.07.29"]
[EventType "team-tourn"]
[EventCountry "IND"]
[SourceTitle "playchess.com"]
[Source "ChessBase"]
[SourceQuality "1"]
[WhiteTeam "Monaco"]
[BlackTeam "Barbados"]
[WhiteTeamCountry "MNC"]
[BlackTeamCountry "BAR"]
[TimeControl "40/5400+30:1800+30"]

1. d4 d5 2. e3 Nf6 3. Bd3 c5 4. c3 Nc6 5. f4 Bg4 6. Nf3 e6 7. Nbd2 Bd6 8. a3 cxd4 9. cxd4 O-O 10. O-O a6 11. Qc2 Rc8 12. Qb1 Qd7 13. Ne5 Bxe5 14. fxe5 Ne4 15. Nxe4 dxe4 16. Bxe4 h6 17. Qd3 Rfd8 18. Bxc6 Qxc6 19. Rf4 Bf5 20. e4 Bg6 21. Bd2 Qc2 22. Qxc2 Rxc2 23. Bc3 Re2 24. Kf1 Rxe4 25. Rxe4 Bxe4 26. Kf2 Bd5 27. g4 f6 28. Ke3 fxe5 29. dxe5 Rf8 30. Rg1 Rf3+ 31. Kd4 Rh3 32. g5 Rxh2 33. gxh6 Rxh6 34. Rg4 Rh5 35. Kc5 Kf7 36. Kd6 g5 37. Ba5 Kg6 38. Bd8 Kf5 39. Rg1 g4 40. Rf1+ Ke4 41. Bb6 g3 42. Rg1 Kf3 43. Rf1+ Kg2 44. Rg1+ Kh2 45. Rd1 Rf5 46. Rxd5 exd5 47. e6 g2 48. e7 Rf6+ 49. Kd7 Rxb6 50. e8=Q g1=Q 51. Qh5+ Kg3 52. Qg5+ Kf2 53. Qf4+ Ke2 54. Qe5+ Qe3 55. Qh5+ Kd2 56. Qh2+ Kc1 57. Qh1+ Kxb2 58. Qxd5 Qe6+ 0-1

[Event "44th Chess Olympiad Women 2022"]
[Site "Chennai"]
[Date "2022.08.09"]
[Round "11.47"]
[White "Wilson, Hannah"]
[Black "Berezovska, Svetlana"]
[Result "1/2-1/2"]
[ECO "B43"]
[WhiteElo "1556"]
[BlackElo "1781"]
[Annotator "NA RC COMBH"]
[PlyCount "93"]
[EventDate "2022.07.29"]
[EventType "team-tourn"]
[EventCountry "IND"]
[SourceTitle "playchess.com"]
[Source "ChessBase"]
[SourceQuality "1"]
[WhiteTeam "Barbados"]
[BlackTeam "Monaco"]
[WhiteTeamCountry "BAR"]
[BlackTeamCountry "MNC"]
[TimeControl "40/5400+30:1800+30"]

1. e4 c5 2. Nf3 e6 3. d4 cxd4 4. Nxd4 a6 5. Nc3 Qc7 6. Bd3 Nf6 7. O-O Bc5 8. Nb3 Be7 9. Re1 d6 10. a4 b6 11. Qf3 e5 12. Bg5 Nbd7 13. Rad1 O-O 14. Qe2 Bb7 15. Be3 Rfe8 16. Nd5 Nxd5 17. exd5 Nf6 18. c4 Bc8 19. f3 Bd7 20. Ra1 Rab8 21. Nd2 Qb7 22. b3 Ra8 23. Nf1 b5 24. axb5 axb5 25. Ng3 g6 26. Qd2 Rec8 27. Kh1 Bd8 28. Rec1 Bb6 29. Bg5 Ne8 30. Ne4 f5 31. Nf6+ Nxf6 32. Bxf6 Be8 33. Qg5 Qd7 34. g4 fxg4 35. fxg4 bxc4 36. bxc4 Bd8 37. Bxd8 Rxd8 38. Rxa8 Rxa8 39. Bf5 Qc7 40. Be6+ Bf7 41. Qf6 Bxe6 42. Qxe6+ Kg7 43. Rf1 Rf8 44. Rxf8 Kxf8 45. Qf6+ Kg8 46. g5 Qxc4 47. Qd8+ 1/2-1/2

[Event "44th Chess Olympiad Women 2022"]
[Site "Chennai"]
[Date "2022.08.09"]
[Round "11.47"]
[White "Eversley, Kiarra"]
[Black "Berezovsky, Fiorina"]
[Result "0-1"]
[ECO "B43"]
[WhiteElo "1356"]
[BlackElo "1544"]
[Annotator "NA RC COMBH"]
[PlyCount "62"]
[EventDate "2022.07.29"]
[EventType "team-tourn"]
[EventCountry "IND"]
[SourceTitle "playchess.com"]
[Source "ChessBase"]
[SourceQuality "1"]
[WhiteTeam "Barbados"]
[BlackTeam "Monaco"]
[WhiteTeamCountry "BAR"]
[BlackTeamCountry "MNC"]
[TimeControl "40/5400+30:1800+30"]

1. e4 c5 2. Nf3 e6 3. d4 cxd4 4. Nxd4 a6 5. Bd3 Qc7 6. Nc3 Nf6 7. Bg5 Be7 8. f4 d6 9. Nf3 Nc6 10. Qd2 b5 11. a3 O-O 12. O-O Bb7 13. Rae1 h6 14. Bh4 Nd7 15. Bxe7 Nxe7 16. f5 Qc5+ 17. Qe3 Qxe3+ 18. Rxe3 e5 19. b4 Rac8 20. Nd1 Nb6 21. Nb2 Rc3 22. Ra1 Nc4 23. Bxc4 Rxe3 24. Bd3 Bxe4 25. Nd1 Rxd3 26. cxd3 Bxd3 27. Ne3 Bxf5 28. Rd1 e4 29. Nh4 Be6 30. g3 g5 31. Nhg2 d5 0-1

[Event "44th Chess Olympiad Women 2022"]
[Site "Chennai"]
[Date "2022.08.09"]
[Round "11.48"]
[White "Bwalya Mulwale, Lubuuto"]
[Black "Vilhete, Vania Fausto Da T."]
[Result "1/2-1/2"]
[ECO "D02"]
[WhiteElo "1751"]
[BlackElo "1701"]
[Annotator "NA RC COMBH"]
[PlyCount "138"]
[EventDate "2022.07.29"]
[EventType "team-tourn"]
[EventCountry "IND"]
[SourceTitle "playchess.com"]
[Source "ChessBase"]
[SourceQuality "1"]
[WhiteTeam "Zambia"]
[BlackTeam "Mozambique"]
[WhiteTeamCountry "ZAM"]
[BlackTeamCountry "MOZ"]
[TimeControl "40/5400+30:1800+30"]

1. d4 Nf6 2. Nf3 e6 3. Bf4 d5 4. e3 c5 5. c3 Nc6 6. Bd3 h6 7. Nbd2 Be7 8. Rc1 Bd7 9. Bb1 Rc8 10. h3 a6 11. O-O b5 12. dxc5 Bxc5 13. e4 dxe4 14. Nxe4 Nxe4 15. Bxe4 O-O 16. Qe2 Qf6 17. Bg3 Qe7 18. Rfd1 Rfd8 19. Rd2 Be8 20. Rcd1 Rxd2 21. Rxd2 Rd8 22. b4 Bb6 23. Qd1 Rxd2 24. Qxd2 Qd7 25. Qxd7 Bxd7 26. Ne5 Nxe5 27. Bxe5 Bc8 28. Bd6 Bd8 29. Bd3 Bd7 30. c4 bxc4 31. Bxc4 Bb5 32. Bb3 Bb6 33. a4 Bd3 34. g3 g6 35. Bf4 Kg7 36. Be3 Bxe3 37. fxe3 Kf6 38. Kf2 Ke5 39. Ba2 f5 40. Bb3 g5 41. h4 gxh4 42. gxh4 Kd6 43. Kf3 e5 44. Kg3 Kc6 45. Be6 Kd6 46. Bb3 Kc6 47. Kf2 Kd6 48. Ke1 f4 49. exf4 exf4 50. Kf2 Ke5 51. Bd1 Bf5 52. b5 axb5 53. axb5 Kd5 54. Be2 Bc8 55. Kf3 Ke5 56. b6 Bb7+ 57. Kf2 Kf5 58. Bf3 Ba6 59. Kg2 Bc8 60. Kf2 Ba6 61. Ke1 Bc8 62. Kd2 Ke5 63. b7 Bxb7 64. Bxb7 Kf6 65. Bf3 Kg7 66. Kd3 Kh8 67. Ke4 Kg7 68. Kxf4 Kh8 69. Be4 h5 1/2-1/2

[Event "44th Chess Olympiad Women 2022"]
[Site "Chennai"]
[Date "2022.08.09"]
[Round "11.48"]
[White "Likando Namakau"]
[Black "Naira Sinoia"]
[Result "1-0"]
[ECO "C22"]
[WhiteElo "1544"]
[BlackElo "1116"]
[Annotator "NA RC COMBH"]
[PlyCount "61"]
[EventDate "2022.07.29"]
[EventType "team-tourn"]
[EventCountry "IND"]
[SourceTitle "playchess.com"]
[Source "ChessBase"]
[SourceQuality "1"]
[WhiteTeam "Zambia"]
[BlackTeam "Mozambique"]
[WhiteTeamCountry "ZAM"]
[BlackTeamCountry "MOZ"]
[TimeControl "40/5400+30:1800+30"]

1. e4 e5 2. d4 exd4 3. Qxd4 Nc6 4. Qa4 Nf6 5. Nf3 Bc5 6. Bd3 d6 7. h3 Bd7 8. Qb3 O-O 9. c3 Bb6 10. Bg5 h6 11. Bh4 Ne5 12. Be2 g5 13. Bg3 Nxe4 14. Nbd2 Nxf3+ 15. Bxf3 Nxg3 16. fxg3 Qe7+ 17. Kd1 Rfe8 18. g4 Rab8 19. Kc2 Bc6 20. Rae1 Qf6 21. Kb1 Be3 22. Bxc6 bxc6 23. Rxe3 Rxe3 24. Qxb8+ Kg7 25. Nf3 Re2 26. Qxa7 Qg6+ 27. Ka1 Qc2 28. Qb7 Rxg2 29. a3 Rg3 30. Nd4 Qd3 31. Nf5+ 1-0

[Event "44th Chess Olympiad Women 2022"]
[Site "Chennai"]
[Date "2022.08.09"]
[Round "11.48"]
[White "Castro, Neusa Aridas De"]
[Black "Mwango, Lorita"]
[Result "0-1"]
[ECO "B30"]
[WhiteElo "1531"]
[BlackElo "1920"]
[Annotator "TA"]
[PlyCount "78"]
[EventDate "2022.07.29"]
[EventType "team-tourn"]
[EventCountry "IND"]
[SourceTitle "playchess.com"]
[Source "ChessBase"]
[SourceQuality "1"]
[WhiteTeam "Mozambique"]
[BlackTeam "Zambia"]
[WhiteTeamCountry "MOZ"]
[BlackTeamCountry "ZAM"]
[TimeControl "40/5400+30:1800+30"]

1. e4 c5 2. Bc4 e6 3. Nf3 Nc6 4. a3 d5 5. exd5 exd5 6. Be2 {[%emt 0:00:22] B30: Sicilian: 2...Nc6 3 Bb5, lines without ...g6.} Nf6 7. d4 {[%emt 0:00:15] [#]} cxd4 $146 ({Predecessor:} 7... c4 8. O-O Bd6 9. Bg5 h6 10. Bxf6 Qxf6 11. Nc3 Be6 12. Re1 O-O 13. Bf1 Rad8 {0-1 (44) Langer,C (2048)-Hanhoerster,S (2020) Lieme 2002}) 8. Nxd4 {[%emt 0:00:15] Black has an edge.} Bc5 9. Nf3 Qb6 (9... Ne4 $15 10. O-O O-O) 10. O-O $11 O-O 11. Nc3 Qd8 12. Bg5 Be6 13. b4 Be7 14. Bd3 Rc8 15. Ne2 Ne4 16. Bxe7 Qxe7 17. Nfd4 Bd7 18. f3 Nxd4 19. Nxd4 Nc3 20. Qd2 Qf6 21. Nb3 b6 22. Qf2 g6 23. Rae1 Bb5 24. Qd2 Rfd8 {[%emt 0:01:11] Black is more active.} 25. Bxb5 ({White should try} 25. Qe3) 25... Nxb5 $17 26. a4 Na3 ({Better is} 26... Nc3 $17 27. b5 d4) 27. Nd4 $15 Rc4 28. c3 Rdc8 29. Re3 {[%emt 0:01:55] Hoping for Ra1.} (29. Qb2 $5 ) 29... R4c7 {[%emt 0:00:46] aiming for ...Nc4.} (29... a5 {feels hotter.} 30. bxa5 Rxa4 31. axb6 Nc4) 30. Rfe1 Kg7 $36 {[%emt 0:00:15][%mdl 2048] And now ...Nc4 would win. Black has the initiative.} (30... Nc4 $5 31. Re8+ Kg7 32. Rxc8 Rxc8 $11) 31. Qc1 $2 {[%emt 0:01:44][%mdl 8192] [#]} ({Don't go for} 31. Re8 $2 Rxe8 32. Rxe8 Nb1 $19) (31. Rd3 $11) 31... Qxd4 $1 $19 32. Qxa3 Rxc3 33. Qb2 Qf6 34. R3e2 (34. Rxc3 {was worth a try.} Rxc3 35. Rd1) 34... R8c4 35. Rd2 d4 36. Red1 Qf4 37. Rxd4 $2 (37. Re2) 37... Qe3+ {[%emt 0:00:49] Black is clearly winning.} 38. Qf2 Rxd4 {[%emt 0:00:20][%cal Rd4d1] [#]} 39. Qxe3 Rxd1+ {[%emt 0:00:10] Weighted Error Value: White=0.78/Black=0.14 (very precise)} ({Weaker is} 39... Rxe3 40. Rxd4 Kf6 41. a5 $11) 0-1

[Event "44th Chess Olympiad Women 2022"]
[Site "Chennai"]
[Date "2022.08.09"]
[Round "11.48"]
[White "Andre, Chineva Rufino"]
[Black "Phiri Bertha"]
[Result "1/2-1/2"]
[ECO "C01"]
[WhiteElo "1171"]
[BlackElo "1606"]
[Annotator "NA RC COMBH"]
[PlyCount "89"]
[EventDate "2022.07.29"]
[EventType "team-tourn"]
[EventCountry "IND"]
[SourceTitle "playchess.com"]
[Source "ChessBase"]
[SourceQuality "1"]
[WhiteTeam "Mozambique"]
[BlackTeam "Zambia"]
[WhiteTeamCountry "MOZ"]
[BlackTeamCountry "ZAM"]
[TimeControl "40/5400+30:1800+30"]

1. e4 e6 2. d4 d5 3. exd5 exd5 4. Nf3 Nf6 5. Bd3 Be7 6. O-O O-O 7. Bg5 Bg4 8. Nbd2 c6 9. c3 Qc7 10. Qc2 h6 11. Bh4 Nbd7 12. Bg3 Bd6 13. Bxd6 Qxd6 14. Rae1 Rfe8 15. h3 Bxf3 16. Nxf3 Qf4 17. Qd2 Nh5 18. Qxf4 Nxf4 19. Bf5 Nf8 20. g3 N4e6 21. Bxe6 Nxe6 22. Re3 f6 23. Rfe1 Kf7 24. Nh4 Nc7 25. Nf5 Kg6 26. g4 Rxe3 27. Rxe3 Re8 28. Rxe8 Nxe8 29. f4 Kf7 30. Kf2 Ke6 31. Ke3 b6 32. b4 h5 33. Ng3 hxg4 34. hxg4 g6 35. Nf1 Nd6 36. Nd2 f5 37. g5 Nc4+ 38. Ke2 Nxd2 39. Kxd2 Kd6 40. Kd3 c5 41. a4 c4+ 42. Kc2 a6 43. Kb2 Kc6 44. Ka3 b5 45. a5 1/2-1/2

[Event "44th Chess Olympiad Women 2022"]
[Site "Chennai"]
[Date "2022.08.09"]
[Round "11.49"]
[White "Banda Natalie Katlo"]
[Black "Eman Sawan"]
[Result "0-1"]
[ECO "A45"]
[WhiteElo "1688"]
[BlackElo "1847"]
[Annotator "NA RC COMBH"]
[PlyCount "66"]
[EventDate "2022.07.29"]
[EventType "team-tourn"]
[EventCountry "IND"]
[SourceTitle "playchess.com"]
[Source "ChessBase"]
[SourceQuality "1"]
[WhiteTeam "Botswana"]
[BlackTeam "Palestine"]
[WhiteTeamCountry "BOT"]
[BlackTeamCountry "PLE"]
[TimeControl "40/5400+30:1800+30"]

1. d4 Nf6 2. Bg5 g6 3. Bxf6 exf6 4. g3 Bg7 5. Bg2 f5 6. Nf3 O-O 7. h4 h6 8. c3 d6 9. Nbd2 Nd7 10. O-O Nf6 11. Re1 Re8 12. Qc2 c6 13. Bh3 Ne4 14. Kg2 g5 15. Nxe4 fxe4 16. Nh2 gxh4 17. Bxc8 Rxc8 18. g4 Qg5 19. Qc1 e3 20. f3 c5 21. dxc5 Rxc5 22. Rg1 Be5 23. Nf1 Bf4 24. Kh3 Qe7 25. Qe1 Bg5 26. f4 Bxf4 27. Qxh4 Bg5 28. Qg3 f5 29. gxf5 Rxf5 30. Rd1 Qf7 31. Qh4 Kh7 32. Qg4 Rf4 33. Qg3 Qh5+ 0-1

[Event "44th Chess Olympiad Women 2022"]
[Site "Chennai"]
[Date "2022.08.09"]
[Round "11.49"]
[White "Moshoboro Arona"]
[Black "Taqwa, Hamouri"]
[Result "0-1"]
[ECO "A46"]
[WhiteElo "1611"]
[BlackElo "1214"]
[Annotator "NA RC COMBH"]
[PlyCount "96"]
[EventDate "2022.07.29"]
[EventType "team-tourn"]
[EventCountry "IND"]
[SourceTitle "playchess.com"]
[Source "ChessBase"]
[SourceQuality "1"]
[WhiteTeam "Botswana"]
[BlackTeam "Palestine"]
[WhiteTeamCountry "BOT"]
[BlackTeamCountry "PLE"]
[TimeControl "40/5400+30:1800+30"]

1. d4 e6 2. Nf3 Nf6 3. e3 Bb4+ 4. Nbd2 d5 5. Bd3 Nbd7 6. O-O c5 7. a3 Ba5 8. c4 Bc7 9. Qc2 b6 10. Re1 cxd4 11. Nxd4 Bb7 12. cxd5 Nxd5 13. N2f3 Rc8 14. Qe2 O-O 15. Bd2 Ne5 16. Ba6 Bxa6 17. Qxa6 Qd6 18. Qe2 Rfd8 19. g3 Nxf3+ 20. Qxf3 Qd7 21. Rac1 Be5 22. Qe4 Bc7 23. Red1 Qa4 24. Qf3 Be5 25. Qe4 Bf6 26. Rb1 e5 27. b3 Qxa3 28. Nf3 Qd6 29. Be1 Qe6 30. Bd2 g6 31. Be1 Kg7 32. b4 b5 33. Ra1 Rc4 34. Qb1 e4 35. Nd4 Bxd4 36. Rxd4 Rxd4 37. exd4 a6 38. Qb2 Rd6 39. Rc1 f5 40. Rc5 f4 41. gxf4 Qg4+ 42. Kh1 Qf3+ 43. Kg1 Nxf4 44. Rg5 Nh3+ 45. Kf1 Nxg5 46. d5+ Kf7 47. Qc1 Qh3+ 48. Ke2 Qd3# 0-1

[Event "44th Chess Olympiad Women 2022"]
[Site "Chennai"]
[Date "2022.08.09"]
[Round "11.49"]
[White "Heba, Assi"]
[Black "Besa, Masaiti"]
[Result "0-1"]
[ECO "A48"]
[WhiteElo "1449"]
[BlackElo "1745"]
[Annotator "NA RC COMBH"]
[PlyCount "72"]
[EventDate "2022.07.29"]
[EventType "team-tourn"]
[EventCountry "IND"]
[SourceTitle "playchess.com"]
[Source "ChessBase"]
[SourceQuality "1"]
[WhiteTeam "Palestine"]
[BlackTeam "Botswana"]
[WhiteTeamCountry "PLE"]
[BlackTeamCountry "BOT"]
[TimeControl "40/5400+30:1800+30"]

1. d4 Nf6 2. Nf3 g6 3. e3 d5 4. Be2 Bg7 5. b3 c5 6. Bb2 Nc6 7. O-O cxd4 8. exd4 O-O 9. Nbd2 Bf5 10. c4 Rc8 11. Rc1 Nb4 12. a3 Nd3 13. Bxd3 Bxd3 14. Re1 Re8 15. Ne5 Bf5 16. b4 dxc4 17. Ndxc4 Nd5 18. Qb3 Be6 19. Qf3 Bh6 20. Ne3 Qd6 21. N5c4 Qf4 22. Ng4 Qxg4 23. Ne5 Rxc1 24. Bxc1 Qxf3 25. Nxf3 Bxc1 26. Rxc1 Rc8 27. Rc5 b6 28. Rxc8+ Bxc8 29. Ne5 Bb7 30. f3 f6 31. Nd3 Nc3 32. Nb2 Ne2+ 33. Kf2 Nxd4 34. f4 Nc2 35. a4 Nxb4 36. Nc4 Bd5 0-1

[Event "44th Chess Olympiad Women 2022"]
[Site "Chennai"]
[Date "2022.08.09"]
[Round "11.49"]
[White "Seder, Randa"]
[Black "Otisitswe Ruth"]
[Result "0-1"]
[ECO "C41"]
[WhiteElo "1442"]
[BlackElo "1552"]
[Annotator "NA RC COMBH"]
[PlyCount "90"]
[EventDate "2022.07.29"]
[EventType "team-tourn"]
[EventCountry "IND"]
[SourceTitle "playchess.com"]
[Source "ChessBase"]
[SourceQuality "1"]
[WhiteTeam "Palestine"]
[BlackTeam "Botswana"]
[WhiteTeamCountry "PLE"]
[BlackTeamCountry "BOT"]
[TimeControl "40/5400+30:1800+30"]

1. e4 e5 2. Nf3 d6 3. Nc3 Nf6 4. d4 Nbd7 5. Bg5 Be7 6. Qd2 c6 7. dxe5 dxe5 8. Be2 b5 9. Bxf6 Bxf6 10. Qd6 Qb6 11. O-O-O Be7 12. Qd2 Qxf2 13. Rhg1 Qb6 14. Qd3 Nc5 15. Qe3 Nb3+ 16. axb3 Qxe3+ 17. Kb1 b4 18. Rd3 Qxg1+ 19. Nxg1 bxc3 20. Rxc3 Bb7 21. Nf3 f6 22. Nh4 g6 23. Nf3 Bd6 24. Ba6 Bxa6 25. Rxc6 Be2 26. Rxd6 Bxf3 27. gxf3 Ke7 28. Rc6 Rhc8 29. Ra6 Rcb8 30. Rc6 Rb7 31. Rc4 Kd6 32. Rc3 f5 33. Rd3+ Ke6 34. Rc3 Rd8 35. exf5+ Kxf5 36. h3 Rd2 37. Rc4 Rf2 38. Rc3 Rh2 39. h4 Rxh4 40. Rd3 Rb6 41. Kc1 Kf4 42. Kd2 Rh2+ 43. Kc1 Ra6 44. Rd4+ exd4 45. Kb1 Rh1# 0-1